 Dungeon Crawl Stone Soup version 0.21-a0-584-g185da8e (webtiles) character file.

647 rabbitfr the Chopper (level 7, -1/61 HPs)
             Began as a Minotaur Berserker on Dec 20, 2017.
             Was a Priest of Trog.
             Slain by a centaur (8 damage)
             ... on level 5 of the Dungeon.
             The game lasted 00:22:55 (4372 turns).

rabbitfr the Chopper (Minotaur Berserker)           Turns: 4372, Time: 00:22:56

Health: -1/61      AC:  7    Str: 23    XL:     7   Next: 27%
Magic:  6/6        EV: 11    Int:  4    God:    Trog [***...]
Gold:   129        SH:  0    Dex: 10    Spells: 6/6 levels left

rFire    + . .     SeeInvis .   a - +0 hand axe
rCold    + . .     Gourm    .   (no shield)
rNeg     . . .     Faith    .   j - +0 scale mail
rPois    +         Spirit   .   (helmet restricted)
rElec    .         Reflect  .   l - scarf {rC+ rF+}
rCorr    .         Harm     .   (no gloves)
MR       +....                  (no boots)
Stlth    ..........             (no amulet)
HPRegen  0.20/turn              f - ring of poison resistance
MPRegen  0.10/turn              r - ring of protection from magic

@: no status effects
A: retaliatory headbutt, horns 2
a: Berserk, Trog's Hand, Burn Spellbooks, Renounce Religion


You were on level 5 of the Dungeon.
You worshipped Trog.
Trog was most pleased with you.
You were not hungry.

You visited 1 branch of the dungeon, and saw 5 of its levels.

You collected 129 gold pieces.

Inventory:

Hand Weapons
 a - a +0 hand axe (weapon)
 q - a +0 trident
Missiles
 b - 25 sling bullets
 d - 121 stones
 m - 17 poisoned needles
 o - 14 tomahawks
 v - a javelin of returning (quivered)
Armour
 i - a +0 ring mail
 j - a +0 scale mail (worn)
 l - a scarf of resistance (worn)
Jewellery
 f - a ring of poison resistance (left hand)
 r - a ring of protection from magic (right hand)
Scrolls
 e - 8 scrolls of identify {unknown}
 g - a scroll of random uselessness {unknown}
 h - a scroll of noise
 w - a scroll of enchant armour {unknown}
Potions
 k - 2 potions of flight {unknown}
 n - 3 potions of degeneration {unknown}
 t - 2 potions of curing {unknown}
 u - 2 potions of heal wounds {unknown}
 x - a potion of cancellation {unknown}
Books
 p - a book of Cantrips

   Spells                             Type                      Level
   a - Confusing Touch                Hexes                        1
   b - Animate Skeleton               Necromancy                   1
   c - Summon Small Mammal            Summoning                    1
   d - Apportation                    Translocation                1
   Trog disapproves of the use of such an item.
Comestibles
 c - 9 rations


   Skills:
 + Level 5.5 Fighting
 * Level 7.0 Axes
 + Level 4.8 Armour
 + Level 4.4 Dodging


You had 6 spell levels left.
You didn't know any spells.

Dungeon Overview and Level Annotations

Branches:
Dungeon (5/15)
 Temple: D:4-7

Altars:
Cheibriados
Sif Muna
Xom
Yredelemnul
The Shining One


Innate Abilities, Weirdness & Mutations

You reflexively headbutt those who attack you in melee.
You have a pair of horns on your head.


Message History

Trog accepts your kill.
Your Axes skill increases to level 7!
You hear the quick hiss of an avalanche of sand nearby.
A centaur comes into view.
The centaur wields a shortbow.
The centaur shoots an arrow.
The arrow hits you.
You see here an arrow.
The centaur shoots an arrow.
The arrow hits you.
The centaur shoots an arrow.
The arrow hits you.
You see here 2 arrows.
The centaur shoots an arrow.
The arrow hits you!
You see here an arrow.
The centaur shoots an arrow.
The arrow hits you!
The centaur shoots an arrow.
The arrow hits you!
The centaur shoots an arrow.
The arrow hits you!
* * * LOW HITPOINT WARNING * * *
You see here an arrow.
The centaur unwields an uncursed shortbow.
The centaur barely misses you.
You barely miss the centaur. The centaur hits you!
You die...

.
#...........#.#....#
# #......>......
...# ##..........#
... #..........###.#
# #..............#.#
#..........(((...#
###.########..####
#.###.# #.(# #.....#
#.@# .#####.# #c.#
.......# #..#
######.# #..#
.......# .#..#
#####..# ###..#
.......# #..#
######.# #..# .. #.#


You could see a centaur.

Vanquished Creatures
  Sigmund (D:5)
  A crimson imp (D:5)
  A centaur skeleton (D:5)
  3 orc priests
  An iguana (D:5)
  2 orc wizards (D:5)
  3 worker ants
  4 gnolls
  4 adders
  An adder skeleton (D:4)
  2 worms
  A dart slug (D:1)
  3 leopard geckos
  17 orcs
  7 giant cockroaches
  4 hobgoblins
  2 jackals (D:2)
  6 quokkas
  A ball python (D:3)
  3 bats (D:1)
  4 frilled lizards
  8 goblins
  8 kobolds
  7 rats
94 creatures vanquished.

Vanquished Creatures (others)
  An orc wizard (D:4)
1 creature vanquished.

Grand Total: 95 creatures vanquished

Notes
Turn   | Place    | Note
-------+----------+-------------------------------------------
     0 | D:1      | rabbitfr the Minotaur Berserker began the quest for the Orb.
     0 | D:1      | Reached XP level 1. HP: 19/19 MP: 0/0
   345 | D:1      | Reached XP level 2. HP: 27/27 MP: 1/1
   370 | D:1      | Reached skill level 4 in Axes
  1043 | D:1      | Reached ** piety under Trog
  1043 | D:1      | Reached XP level 3. HP: 31/33 MP: 2/2
  1672 | D:3      | Found a snail-covered altar of Cheibriados.
  1688 | D:2      | Reached XP level 4. HP: 6/40 MP: 3/3
  1690 | D:2      | HP: 1/40 [orc/whip (3)]
  2152 | D:3      | Reached skill level 5 in Axes
  2261 | D:3      | Reached *** piety under Trog
  2261 | D:3      | Reached XP level 5. HP: 45/47 MP: 4/4
  2709 | D:4      | Found a basalt altar of Yredelemnul.
  2846 | D:4      | Found a glowing golden altar of the Shining One.
  3052 | D:4      | Reached XP level 6. HP: 53/55 MP: 5/5
  3184 | D:4      | Found a shimmering altar of Xom.
  3461 | D:4      | Reached skill level 6 in Axes
  3728 | D:4      | Reached skill level 5 in Fighting
  3733 | D:4      | Found a deep blue altar of Sif Muna.
  3789 | D:4      | Noticed an angel
  3872 | D:5      | Entered Level 5 of the Dungeon
  3994 | D:5      | Noticed Sigmund
  4026 | D:5      | Killed Sigmund
  4026 | D:5      | Reached XP level 7. HP: 61/61 MP: 6/6
  4344 | D:5      | Reached skill level 7 in Axes
  4372 | D:5      | Slain by a centaur

Vault maps used:
D:1:      lemuel_arrival_funnel
D:3:      overflow_temple_1_default, first_ration, minmay_tree_intersection
D:4:      wad_woods_stonehenge, grunt_temple_overflow_holy_war, tgw_sif
D:5:      kennysheep_windowed_halls, serial_co_window_serial,
          co_window_corner_a, co_window_paths_b, co_window_corner_a,
          co_window_corner_a, co_window_corner_a, co_window_of_opportunity_b,
          co_window_broadway_c, co_window_broadway_b, co_window_paths_e,
          glass_columns_a, glass_columns_b, glass_columns_c,
          nicolae_ossuary_entry_monument, uniq_sigmund

Skill      XL: |  1  2  3  4  5  6  7 |
---------------+----------------------+-----
Axes           | 4 5 6 7 |  7.0
Fighting       | 4 5 |  5.5
Armour         | 3 4 |  4.8
Dodging        | 3 4 |  4.4

Action                   |  1- 3 |  4- 6 |  7- 9 || total
-------------------------+-------+-------+-------++-------
Melee: Hand axe          |    84 |    83 |    30 ||   197
       Headbutt          |    17 |    12 |     3 ||    32
Throw: Stone             |    31 |    12 |       ||    43
       Tomahawk          |       |    15 |       ||    15
       Javelin           |       |    34 |       ||    34
Invok: Berserk           |       |     1 |       ||     1
       Trog's Hand       |       |     1 |       ||     1
  Use: Scroll            |     1 |     2 |       ||     3
  Eat: Chunk             |     2 |     8 |     2 ||    12
Armor: Animal skin       |     2 |       |       ||     2
       Scale mail        |    24 |    25 |     8 ||    57
       Ring mail         |     4 |       |       ||     4
Dodge: Dodged            |    63 |    50 |    10 ||   123

Table legend:
 A = Spawn XP
 B = Non-spawn XP
 C = Spawn XP percentage of total XP
 D = Spawn monster count
 E = Non-spawn monster count
 F = Spawn count percentage of total count
 G = Total turns spent on level
                    A         B        C        D         E        F      G
               +---------+---------+-------+---------+---------+-------+---------
         Total |       0 |     925 |   0.0 |       0 |      95 |   0.0 |  4372
               +---------+---------+-------+---------+---------+-------+---------
           D:1 |       0 |      41 |   0.0 |       0 |      24 |   0.0 |  1100
           D:2 |       0 |      59 |   0.0 |       0 |      18 |   0.0 |   873
           D:3 |       0 |     161 |   0.0 |       0 |      21 |   0.0 |   727
           D:4 |       0 |     238 |   0.0 |       0 |      21 |   0.0 |  1172
           D:5 |       0 |     426 |   0.0 |       0 |      11 |   0.0 |   500
               +---------+---------+-------+---------+---------+-------+---------
